 Dungeon Crawl Stone Soup version 0.17.1-2-g5865329 (webtiles) character file.

208 Mysteryquy the Vexing (level 5, -3/31 HPs)
             Began as a High Elf Enchanter on Jan 12, 2016.
             Slain by a river rat (6 damage)
             ... in a sewer.
             The game lasted 00:05:37 (2288 turns).

Mysteryquy the Vexing (High Elf Enchanter)          Turns: 2288, Time: 00:05:37

Health: -3/31      AC:  6    Str:  7    XL:     5   Next: 55%
Magic:  10/11      EV: 13    Int: 19    God:
Gold:   74         SH:  0    Dex: 16    Spells: 2 memorised, 8 levels left

rFire  . . .     SeeInvis .     r - +1 dagger (venom)
rCold  . . .     Clarity  .     b - +1 robe
rNeg   . . .     SustAt   .     (no shield)
rPois  .         Gourm    .     x - +0 helmet (curse)
rElec  .         Spirit   .     y - +1 cloak
rCorr  .         Warding  .     (no gloves)
rMut   .         Stasis   .     (no boots)
MR     .....                    (no amulet)
Stlth  +.........               (no ring)
                                (no ring)

@: not resistant to hostile enchantments, very unstealthy
A: no striking features
a: no special abilities


You were in a sewer.
You were hungry.

You visited 1 branch of the dungeon, and saw 3 of its levels.
You also visited: Sewer.

You collected 74 gold pieces.

Inventory:

Hand Weapons
 a - a +1 dagger
 r - a +1 dagger of venom (weapon)
Armour
 b - a +1 robe (worn)
 x - a cursed +0 helmet (worn)
 y - a +1 cloak (worn)
Jewellery
 q - an uncursed ring of fire {unknown}
 t - an uncursed ring of protection from magic {unknown}
Scrolls
 f - a scroll of noise {unknown}
 g - a scroll of amnesia {unknown}
 i - 2 scrolls of teleportation {unknown}
 m - 4 scrolls of identify {unknown}
 w - a scroll of remove curse {unknown}
Potions
 e - a potion of heal wounds {unknown}
 j - 3 potions of haste {unknown}
 n - 2 potions of ambrosia {unknown}
 o - a potion of lignification {unknown}
 p - a potion of flight {unknown}
 s - 2 potions of brilliance {unknown}
 u - a potion of mutation {unknown}
Books
 c - a book of Maledictions

   Spells                             Type                      Level
   a - Corona                         Hexes                        1
   b - Ensorcelled Hibernation        Hexes/Ice                    2
   c - Confuse                        Hexes                        3
   d - Tukima's Dance                 Hexes                        3
   e - Dazzling Spray                 Conjuration/Hexes            3
Comestibles
 d - 4 bread rations
 h - 2 fruits
 k - 2 meat rations
 l - 2 slices of pizza


   Skills:
 + Level 4.2 Short Blades
 - Level 2.1 Dodging
 - Level 3.2 Stealth
 + Level 3.7 Spellcasting
 + Level 4.5 Hexes


You had 8 spell levels left.
You knew the following spells:

 Your Spells              Type           Power        Failure   Level  Hunger
a - Corona                Hex            ###....      2%          1    None
b - Ensorcelled Hibernat  Hex/Ice        ##....       10%         2    ##.....


Dungeon Overview and Level Annotations

Branches:
Dungeon (3/15)

Altars:
Nemelex Xobeh
Vehumet


Message History

You hit the big kobold.
The big kobold is heavily wounded.
The river rat bites you.
* * * LOW HITPOINT WARNING * * *
The big kobold splashes around in the water.
You closely miss the big kobold.
The big kobold is almost dead.
The river rat bites you.
* * * LOW HITPOINT WARNING * * *
You hit the big kobold.
You kill the big kobold!
You hear a splash.
Your Short Blades skill increases to level 4!
The river rat closely misses you.
You see here a short sword of electrocution.
You are too injured to fight recklessly!
You are too injured to fight recklessly!
The river rat closely misses you. The river rat bites you.
You die...

#≈# ##≈# ≈≈≈# .≈##
≈.# .≈# ≈≈# ≈.#
####### ≈.#
#####.)r@.#
.########≈((≈≈#####
###.≈...≈≈###≈≈≈≈.#
#≈..≈≈≈≈≈# #######
##....≈..≈###≈≈≈≈.#
#≈≈≈.####≈≈.)≈#####
≈≈..## #####.≈≈≈.#
.≈≈## ####### .≈≈#


You could see a river rat.

Vanquished Creatures
  2 big kobolds (Sewer)
  An adder (D:2)
  A river rat (Sewer)
  A worm (Sewer)
  4 giant geckos
  2 orcs (D:3)
  A ball python (D:1)
  3 bats (D:1)
  3 giant cockroaches
  9 hobgoblins
  6 kobolds
  3 giant newts
  6 goblins
  3 jackals (D:1)
  7 rats
52 creatures vanquished.

Notes
Turn   | Place    | Note
--------------------------------------------------------------
     0 | D:1      | Mysteryquy the High Elf Enchanter began the quest for the Orb.
     0 | D:1      | Reached XP level 1. HP: 11/11 MP: 4/4
   171 | D:1      | Reached XP level 2. HP: 13/17 MP: 6/6
   694 | D:1      | Learned a level 2 spell: Ensorcelled Hibernation
  1218 | D:1      | Reached XP level 3. HP: 21/21 MP: 7/7
  1451 | D:2      | Found a radiant altar of Vehumet.
  2029 | D:3      | Found a sparkling altar of Nemelex Xobeh.
  2095 | D:3      | Found a glowing drain.
  2100 | Sewer    | Entered a sewer
  2117 | Sewer    | Noticed a big kobold
  2134 | Sewer    | Killed a big kobold
  2134 | Sewer    | Reached skill level 4 in Hexes
  2134 | Sewer    | Reached XP level 4. HP: 27/27 MP: 4/9
  2257 | Sewer    | Reached XP level 5. HP: 31/31 MP: 8/11
  2272 | Sewer    | Noticed a big kobold
  2285 | Sewer    | Killed a big kobold
  2288 | Sewer    | Slain by a river rat

Action                   |  1- 3 |  4- 6 || total
-------------------------+-------+-------++-------
Melee: Dagger            |   113 |    28 ||   141
 Cast: Ensorcelled Hiber |    19 |     2 ||    21
 Stab: Sleeping          |    20 |     1 ||    21
  Eat: Chunk             |     5 |       ||     5
